cohdb
Replays
Latest Replays
All Replays
Popular Replays
Top Player Replays
Match Explorer
How It Works
Community
CoH3 Stats
Reddit
Sign in to upload your games and track your stats! →
Sign in with Steam
Match 42819364
Unlisted
Match 42819364
Overview
Messages
Build Orders
End
Kradschützen Motorcycle Team
Selects Armored Support Battlegroup
Panzerpioneer Squad
Panzergrenadier Squad
250 Light Carrier
Construct Light Support Kompanie
Combat Half-tracks
Panzerjäger Squad
Selects Superior Fire Drills
Fire Support Elements
Assault Mechanized Group
Flakvierling Half-track
Vehicle Survival Package
Veteran Squad Leaders
Assault Mechanized Group
Selects Flammpanzer III Medium Tank
Flammpanzer III Medium Tank
Construct Panzerarmee Kommand
Advanced Field Repairs
2.5-tonne Medical Truck
Selects Salvage Kits
Armored Reserves
Emergency Repair Kits
Panzer III L Medium Tank
Trion
TantheMan415
0
0
Comments
sign in to comment!
No comments posted yet!